 Dungeon Crawl Stone Soup version 0.31.0-32-g396128a36d (webtiles) character file.

Game seed: 3409115610628482420

840 Peloso the Slasher (level 7, -3/61 HPs)
             Began as a Minotaur Fighter on Apr 19, 2024.
             Slain by an orc warrior
             ... wielding a +0 halberd
              (10 damage)
             ... on level 6 of the Dungeon.
             The game lasted 00:06:50 (4015 turns).

Peloso the Slasher (Minotaur Fighter)               Turns: 4015, Time: 00:06:50

Health: -3/61      AC:  7    Str: 20    XL:     7   Next: 67%
Magic:  6/6        EV: 10    Int:  5    God:
Gold:   168        SH:  5    Dex: 12    Spells: 6/6 levels left

rFire   . . .        a - +0 long sword
rCold   + . .        d - +0 buckler
rNeg    . . .        b - +0 scale mail
rPois   .            (helmet currently unavailable)
rElec   .            q - melded scarf {rC+ rF+}
rCorr   .            (gloves currently unavailable)
SInv    .            (boots currently unavailable)
Will    .....        (no amulet) Stlth
                     m - +4 ring of slaying
HPRegen 0.30/turn    k - ring of protection from cold
MPRegen 0.10/turn

%: no passive effects
@: beast-form
A: beast (slay +0), horns 2, retaliatory headbutt
a: Begin Untransformation


You were on level 6 of the Dungeon.
You were a hulking beast.
You visited 1 branch of the dungeon, and saw 6 of its levels.

You collected 168 gold pieces.

Inventory:

Hand Weapons
 a - a +0 long sword (weapon)
Armour
 b - a +0 scale mail (worn)
 c - a +0 cloak
 d - a +0 buckler (worn)
 q - a scarf of resistance (melded)
Jewellery
 h - a ring of willpower
 k - a ring of protection from cold (right hand)
 m - a +4 ring of slaying (left hand)
Talismans
 s - a beast talisman (active)
 y - a storm talisman
Wands
 w - a wand of mindburst (6)
Scrolls
 f - 5 scrolls of teleportation
 n - 2 scrolls of amnesia {unknown}
 o - a scroll of enchant armour {unknown}
 r - a scroll of blinking {unknown}
 x - a scroll of poison {unknown}
 A - a scroll of identify
Potions
 e - 3 potions of curing
 g - 3 potions of enlightenment
 i - 2 potions of invisibility
 j - a potion of resistance
 l - 2 potions of lignification {unknown}
 p - 4 potions of might
 t - a potion of magic {unknown}
 u - a potion of mutation {unknown}
 v - a potion of brilliance {unknown}
 z - a potion of heal wounds {unknown}


   Skills:
 + Level 5.2 Fighting
 + Level 6.7 Long Blades
 + Level 6.4 Armour
 + Level 1.4 Dodging
 + Level 0.1 Stealth
 + Level 5.0 Shields
 + Level 1.6 Shapeshifting


You had 6 spell levels left.
You didn't know any spells.
Your spell library contained the following spells:

 Spells                   Type           Power      Damage    Failure   Level
 Apportation              Tloc           0%         N/A       86%         1
 Necrotise                Necr           0%         1d4       86%         1
 Sting                    Conj/Alch      0%         1d3       86%         1
 Summon Small Mammal      Summ           0%         N/A       86%         1
 Static Discharge         Conj/Air       0%         3-3/arc   95%         2
 Airstrike                Air            0%         2d(0-16)  100%        4
 Summon Lightning Spire   Summ/Air       0%         N/A       100%        4


Dungeon Overview and Level Annotations

Branches:
Dungeon (6/15)
 Temple: D:4-7

Altars:
Ashenzari
Elyvilon
Nemelex Xobeh
Sif Muna
Trog
Wu Jian

Shops:
D:2 [   D:5 (

Annotations:
D:3 3 runed translucent doors, AdnanSaban's ghost, amateur GrFi; Crazy Yiuf
D:4 3 runed translucent doors, kalagan's ghost, amateur DECj


Innate Abilities, Weirdness & Mutations

You are a hulking beast.
Your limbs bulge with bestial killing power. (Slay +0)
You have a pair of horns on your head.
You reflexively headbutt those who attack you in melee.


Message History

You barely miss the phantom.
The phantom is almost destroyed.
The phantom closely misses you. You furiously retaliate!
You headbutt the phantom. You hit the phantom but do no damage.
The phantom is almost destroyed.
You block the phantom's attack.
The orc wizard gestures wildly while chanting.
The orc wizard flickers and vanishes!
Deactivating autopickup; reactivate with Ctrl-A.
An orc comes into view. It is wielding a +0 club.
The orc warrior closely misses you.
You barely miss the phantom. You headbutt the phantom.
You destroy the phantom!
The orc warrior hits you from afar with a +0 halberd.
Your Shields skill increases to level 5!
Unknown command.
You closely miss something. Something hits you.
An orc comes into view. It is wielding a +0 dagger.
The orc warrior hits you from afar with a +0 halberd.
Something hits you but does no damage. The orc warrior closely misses you.
You furiously retaliate!
You headbutt the orc warrior. Something hits you but does no damage.
The orc attacks as it pursues you! The orc hits you with a +0 club.
The orc warrior closely misses you.
You barely miss the orc. Something hits you but does no damage.
The orc hits you but does no damage.
The orc warrior hits you with a +0 halberd!
The orc hits you with a +0 club.
You slash the orc!
You kill the orc!
Something completely misses you. The orc warrior barely misses you.
The orc barely misses you.
You hear some strange, mumbled words.
A magic dart appears from out of thin air!
The magic dart hits you.
The orc warrior hits you with a +0 halberd!!
* * * LOW HITPOINT WARNING * * *
The orc hits you but does no damage.
The orc warrior hits you with a +0 halberd!
You die...

. #
..##########.#
.........{h..#
.........oo..#
.............+
#####+########


You could see an orc warrior and an orc.

Vanquished Creatures
  Eustachio (D:4)
  An ice beast (D:3)
  A black bear (D:5)
  A centaur (D:5)
  A phantom (D:6)
  A scorpion (D:4)
  3 hounds
  2 orc wizards
  Ijyb (D:5)
  7 adders
  A shadow imp (D:3)
  A dart slug (D:3)
  A ribbon worm (D:2)
  8 orcs
  7 endoplasms
  3 giant cockroaches
  7 goblins
  6 hobgoblins
  4 kobolds
  2 quokkas
  6 ball pythons
  5 bats
  4 frilled lizards
  7 rats
81 creatures vanquished.

Notes
Turn   | Place    | Note
-------+----------+-------------------------------------------
     0 | D:1      | Peloso the Minotaur Fighter began the quest for the Orb.
     0 | D:1      | Reached XP level 1. HP: 19/19 MP: 0/0
   206 | D:1      | Reached XP level 2. HP: 27/27 MP: 1/1
   573 | D:2      | Found Vaocerr's Armour Boutique.
   851 | D:2      | Identified the +10 dagger of the Threshing Genius {flame,
                  | ^Drain rElec rC+++ rCorr}
   899 | D:2      | Reached XP level 3. HP: 32/33 MP: 2/2
  1360 | D:3      | Found a white marble altar of Elyvilon.
  1438 | D:3      | Found a runed translucent door.
  1441 | D:3      | Noticed AdnanSaban's ghost (amateur GrFi)
  1524 | D:3      | Noticed an ice beast
  1529 | D:3      | Killed an ice beast
  1530 | D:3      | Reached XP level 4. HP: 41/41 MP: 3/3
  1530 | D:3      | Reached XP level 5. HP: 47/47 MP: 4/4
  1769 | D:3      | Found a runed translucent door.
  1770 | D:3      | Noticed Crazy Yiuf
  2390 | D:3      | Found a runed translucent door.
  2478 | D:4      | Reached skill level 5 in Armour
  2579 | D:4      | Reached skill level 5 in Long Blades
  2579 | D:4      | Reached XP level 6. HP: 49/55 MP: 5/5
  2723 | D:4      | Found an ornate altar of the Wu Jian Council.
  2802 | D:4      | Found a broken altar of Ashenzari.
  2806 | D:4      | Noticed Eustachio
  2825 | D:4      | Killed Eustachio
  2826 | D:4      | Reached skill level 5 in Fighting
  2826 | D:4      | Reached skill level 1 in Dodging
  3089 | D:4      | Found a runed translucent gate.
  3089 | D:4      | Found a runed translucent gate.
  3089 | D:4      | Found a runed translucent gate.
  3090 | D:4      | Noticed kalagan's ghost (amateur DECj)
  3151 | D:4      | Found a bloodstained altar of Trog.
  3281 | D:5      | Entered Level 5 of the Dungeon
  3293 | D:5      | Noticed Ijyb
  3300 | D:5      | Killed Ijyb
  3359 | D:5      | Reached XP level 7. HP: 61/61 MP: 6/6
  3369 | D:5      | Reached skill level 1 in Shapeshifting
  3444 | D:5      | Found a shimmering blue altar of Sif Muna.
  3646 | D:5      | Found a sparkling altar of Nemelex Xobeh.
  3671 | D:5      | Found Fecoxzyq's Weapon Boutique.
  4010 | D:6      | Reached skill level 5 in Shields
  4015 | D:6      | Slain by an orc warrior

Illustrated notes

Levels and vault maps discovered:
D:1:      matt_arrival_diagonals, layout_rooms, serial_forest,
          infiniplex_forest_end_double, infiniplex_forest_lined_room_3,
          infiniplex_forest_straight_3, infiniplex_forest_lined_3,
          infiniplex_forest_clump_medium, infiniplex_forest_clump_double,
          infiniplex_forest_lined_room_3
D:2:      layout_basic, serial_shops, shop
D:3:      layout_loops_cross, mainiacjoe_overflow_concentric_impassable,
          ebering_ghost_sewer_f, uniq_crazy_yiuf_cottage
D:4:      layout_basic, mainiacjoe_overflow_surrounded_room,
          nicolae_wu_jian_glorious_leap, nicolae_ashenzari_skybound,
          ebering_ghost_rock_garden, uniq_eustachio
D:5:      layout_basic, nemelex_xobeh_ov_fountains_minmay,
          nicolae_sif_muna_condensation, serial_shops, nicolae_shop_scrapyard,
          uniq_ijyb
D:6:      minmay_general_purpose_star, layout_basic,
          nicolae_qazlal_scattered_showers, temple_hall, uniq_pikel

Skill      XL: |  1  2  3  4  5  6  7 |
---------------+----------------------+-----
Shields        | 4 5 |  5.0
Fighting       | 4 5 |  5.2
Armour         | 4 5 6 |  6.4
Long Blades    | 4 5 6 |  6.7
Dodging        | 1 |  1.4
Shapeshifting  | 1 |  1.6
Stealth        | |  0.1

Action                     |  1- 3 |  4- 6 |  7- 9 || total
---------------------------+-------+-------+-------++-------
  Melee: Long sword        |    85 |    79 |    29 ||   193
         Headbutt          |    24 |    13 |     9 ||    46
    Use: Scroll            |     4 |     2 |       ||     6
         Potion            |       |     1 |       ||     1
 Armour: Scale mail        |    37 |    67 |    49 ||   153
  Dodge: Dodged            |    33 |    44 |    21 ||    98
  Block: Buckler           |    17 |    18 |    12 ||    47
   Form: Beast             |       |     1 |       ||     1
